 Dungeon Crawl Stone Soup version 0.30-a0-381-g6ea064c7b4 (webtiles) character file.

Game seed: 12842407620679315901

39 testman the Covered (level 3, 0/33 HPs)
             Began as an Armataur Fighter on Dec 1, 2022.
             Slain by an orc
             ... wielding a +0 hand axe
              (1 damage)
             ... on level 2 of the Dungeon.
             The game lasted 00:02:45 (698 turns).

testman the Covered (Armataur Fighter)               Turns: 698, Time: 00:02:46

Health: 0/33       AC:  8    Str: 23    XL:     3   Next: 26%
Magic:  3/3        EV:  7    Int:  8    God:
Gold:   76         SH:  4    Dex:  9    Spells: 2/2 levels left

rFire   . . .      SeeInvis .    a - +0 flail
rCold   . . .      Faith    .    c - +0 buckler
rNeg    . . .      Spirit   .    b - +0 scale mail
rPois   .          Reflect  .    (no helmet)
rElec   .          Harm     .    (no cloak)
rCorr   .          Roll     +    e - +0 pair of gloves
Will    .....                    (no barding)
Stlth   ..........               (no amulet)
HPRegen 0.25/turn                j - ring of flight
MPRegen 0.08/turn                (no ring)

@: flying
A: large, rugged brown scales 3, deformed body, armoured tail, roll, long
tongue, awkward tongue
a: no special abilities


You were on level 2 of the Dungeon.
You visited 1 branch of the dungeon, and saw 2 of its levels.

You collected 76 gold pieces.

Inventory:

Hand Weapons
 a - a +0 flail (weapon)
Missiles
 m - 4 poisoned darts (quivered)
Armour
 b - a +0 scale mail (worn)
 c - a +0 buckler (worn)
 e - a +0 pair of gloves (worn)
Jewellery
 j - a ring of flight (left hand)
Scrolls
 g - a scroll of amnesia {unknown}
 h - a scroll of identify {unknown}
 i - a scroll of teleportation {unknown}
 l - a scroll of poison {unknown}
 o - a scroll of enchant armour {unknown}
Potions
 d - a potion of might
 f - a potion of cancellation
 k - a potion of lignification {unknown}
 n - 2 potions of berserk rage {unknown}


   Skills:
 + Level 3.4 Fighting
 + Level 2.6 Maces & Flails
 - Level 3.6 Armour
 - Level 3.2 Shields


You had 2 spell levels left.
You didn't know any spells.
Your spell library was empty.

Dungeon Overview and Level Annotations

Branches:
Dungeon (2/15)

Altars:


Innate Abilities, Weirdness & Mutations

You are completely covered in rugged brown scales. (AC +3, +7% HP)
Armour fits poorly on your strangely shaped body.
You have a long armoured tail.
You roll when moving toward enemies. (Rampage)
Your long tongue fully drains potion bottles. (2x potion effects)
Your tongue gives you trouble enunciating. (1.5x scroll delay)


Message History

Pain shoots through your body!
You barely miss the orc priest.
The orc priest is lightly wounded.
The orc priest attacks as you move away!
The orc priest hits you with a +0 short sword.
There is an open door here.
You closely miss the orc priest.
The orc priest is lightly wounded.
The orc priest calls down the wrath of Beogh upon you.
You barely resist. You barely miss the orc priest.
Your tail-slap misses the orc priest.
The orc priest is lightly wounded.
The orc priest casts a cantrip, but nothing happens.
The orc priest hits you but does no damage.
You hit the orc priest but do no damage.
The orc priest is lightly wounded.
You block the orc priest's attack.
You barely miss the orc priest.
The orc priest is lightly wounded.
The orc priest hits you but does no damage.
You barely miss the orc priest. You tail-slap the orc priest!
The orc priest is severely wounded.
The orc hits you but does no damage.
The orc priest hits you with a +0 short sword.
* * * LOW HITPOINT WARNING * * *
You barely miss the orc priest.
The orc priest is severely wounded.
The orc priest barely misses you. x2; The orc barely misses you.
You barely miss the orc priest. You tail-slap the orc priest.
The orc priest is almost dead.
The orc priest mumbles some strange prayers to Beogh against you.
Beogh smites you!
* * * LOW HITPOINT WARNING * * *
You block the orc's attack. The orc closely misses you.
The orc hits you but does no damage.
The orc priest casts a cantrip, but nothing happens.
You slurp down every last drop of the 2 gluggy clear potions!
It was a potion of cancellation.
You feel magically purged. You block the orc's attack.
The orc hits you with a +0 hand axe.
You die...

#....# ####....#.#..#
####....# ###....#.#
..##....#####<...#.#.#
..##......#......#.#.#
..##...##.#.#.#..#.#.#
........#...#.#..# #.#
........#>.##.#..#
.(......#.###.#..# #
..#######.# #|..@###.#
..# #.# #...oooo.# ..#
#.# #....##[.# ..# #.#
#........# ..+ #.#
#####....# .. ...o#
....# ##..# ..#


You could see an orc priest and 3 orcs.

Vanquished Creatures
  2 dart slugs (D:1)
  4 ball pythons (D:1)
  An endoplasm (D:2)
  4 goblins
  A hobgoblin (D:1)
  5 jackals
  3 quokkas (D:1)
  3 bats
  A frilled lizard (D:2)
  4 kobolds
  4 rats (D:1)
32 creatures vanquished.

Notes
Turn   | Place    | Note
-------+----------+-------------------------------------------
     0 | D:1      | testman the Armataur Fighter began the quest for the Orb.
     0 | D:1      | Reached XP level 1. HP: 19/19 MP: 1/1
    79 | D:1      | Reached XP level 2. HP: 27/27 MP: 2/2
   490 | D:2      | Reached XP level 3. HP: 31/33 MP: 3/3
   696 | D:2      | HP: 1/33 [orc priest/divine providence (9)]
   698 | D:2      | Slain by an orc

Illustrated notes

Levels and vault maps discovered:
D:1:      minmay_arrival_stone_box, layout_rooms,
          hangedman_abyss_or_decor_stabs, minmay_indecisive_spiral
D:2:      layout_basic, dreamdust_ecumenical_altar_hidden_monk_grotto,
          minivault_4, grunt_decor_mini_mirrors

Skill      XL: |  1 |
---------------+----+-----
Maces & Flails | 2 |  2.6
Fighting       | 3 |  3.4
Armour         | |  3.6
Shields        | |  3.2

Action                   || total
-------------------------++-------
Melee: Flail             ||    88
       Tailslap          ||     8
  Use: Potion            ||     1
Armor: Scale mail        ||    50
Dodge: Dodged            ||    40
Block: Buckler           ||    17

Table legend: (Time is in decaauts)
 A = Elapsed time spent in this place.
 B = Non-inter-level travel time spent in this place.
 C = Inter-level travel time spent in this place.
 D = Time resting spent in this place.
 E = Time spent auto-exploring this place.
 F = Levels seen in this place.
 G = Mean time per level.
                   A        B        C        D        E       F      G
               +--------+--------+--------+--------+--------+-----+--------+
         Total |    724 |    687 |     37 |      5 |    421 |   2 |  362.0 |
       Dungeon |    724 |    687 |     37 |      5 |    421 |   2 |  362.0 |
               +--------+--------+--------+--------+--------+-----+--------+

Top non-repeatable levels by time:
     D:1: 498 daAuts
     D:2: 226 daAuts
